Map: Ley Lines

Players

herO - Winner!

  • Race: Protoss Protoss
  • Spawn Location: 1:00

Cyan

  • Race: Protoss Protoss
  • Spawn Location: 7:00

Event: Esports World Cup 2025

VOD

Have the link to the VOD?

Description

Time

  • Played on: July 22, 2025, 12:35 p.m.
  • Length: 9:07

All games in this series

Show
View Real Time Build Order
Export as new Build Order

herO Protoss - Winner!

Build Orders: Phoenix Opening, Blink Stalkers 

Get SALT Encoding   

  12  0:00  Probe  
  13  0:12  Probe  
  14  0:16  Pylon  
  14  0:23  Probe  
  15  0:31  Probe  
  16  0:36  Gateway  
  16  0:39  Probe  
  16  0:46  Assimilator  
  17  0:50  Probe  
  18  0:59  Probe  
  18  1:04  Assimilator  
  19  1:07  Probe  
  19  1:08  Gateway  
  20  1:17  Probe  
  20  1:23  Cybernetics Core  
  21  1:29  Probe  
  22  1:34  Pylon  
  22  1:41  Probe  
  23  1:53  Probe  
  24  2:00  Stalker  
  24  2:03  Sentry  
  28  2:08  Warp Gate  
  28  2:09  Pylon  
  28  2:15  Probe  
  29  2:25  Pylon  
  29  2:31  Probe  
  29  2:35  Phoenix  
  30  2:38  Stalker  
  30  2:39  Stalker  
  34  2:46  Probe  
  35  2:52  Pylon  
  35  2:58  Probe  
  35  3:03  Shield Battery  
  34  3:10  Probe  
  34  3:15  Sentry x2  
  38  3:22  Twilight Council  
  38  3:23  Probe  
  39  3:30  Blink  
  39  3:31  Nexus  
  39  3:34  Probe  
  40  3:42  Probe  
  41  3:50  Probe  
  42  4:00  Phoenix  
  42  4:01  Probe, Adept  
  42  4:02  Adept  
  47  4:17  Pylon  
  47  4:34  Nexus  
  47  4:35  Probe  
  46  4:46  Adept x2  
  46  4:47  Probe  
  46  4:49  Probe  
  46  4:50  Probe  
  50  4:57  Gateway  
  50  5:00  Probe  
  50  5:02  Probe  
  52  5:08  Sentry  
  52  5:09  Stalker  
  52  5:13  Probe  
  52  5:14  Probe  
  58  5:18  Shield Battery  
  58  5:25  Probe  
  58  5:26  Probe  
  60  5:34  Stalker x2  
  64  5:37  Probe  
  64  5:38  Probe  
  64  5:40  Gateway  
  65  5:45  Probe  
  65  5:46  Probe  
  59  5:53  Probe x2  
  59  5:54  Probe  
  58  5:58  Pylon  
  58  6:01  Probe  
  58  6:03  Probe  
  61  6:04  Probe  
  61  6:08  Stalker x2  
  61  6:10  Stalker  
  70  6:11  Probe  
  70  6:15  Probe  
  70  6:17  Probe  
  73  6:23  Probe  
  74  6:26  Robotics Facility  
  74  6:27  Probe  
  74  6:29  Probe  
  76  6:35  Probe  
  76  6:39  Probe  
  78  6:41  Shield Battery  
  78  6:44  Probe, Shield Battery  
  79  6:48  Probe, Stalker x3  
  79  6:50  Pylon  
  79  6:53  Forge  
  86  7:02  Shield Battery x2  
  86  7:05  Shield Battery  
  86  7:06  Pylon  
  86  7:11  Gateway  
  86  7:12  Assimilator  
  86  7:13  Observer, Gateway  
  86  7:15  Stalker x3  
  93  7:24  Pylon  
  93  7:25  Observer  
  89  7:35  Probe  
  89  7:36  Probe x2  
  89  7:42  Stalker x3  
  93  7:46  Warp Prism  
  93  7:48  Probe x3  
  98  8:04  Stalker  
  98  8:14  Probe  
  98  8:15  Probe x2  
  93  8:20  Stalker x2  
  87  8:28  Probe x3  
  87  8:29  Stalker x2  
  87  8:32  Zealot x2  
  90  8:47  Probe x3, Stalker x2  
  87  8:50  Forge  
Show
View Real Time Build Order
Export as new Build Order

Cyan Protoss 

Build Orders: Zealot Archon 

Get SALT Encoding   

  12  0:00  Probe  
  13  0:12  Probe  
  14  0:17  Pylon  
  14  0:23  Probe  
  15  0:32  Probe  
  15  0:38  Gateway  
  15  0:40  Probe  
  16  0:46  Assimilator  
  17  0:51  Probe  
  17  0:55  Assimilator  
  18  1:00  Probe  
  19  1:08  Probe  
  19  1:10  Gateway  
  19  1:17  Probe  
  21  1:27  Cybernetics Core  
  21  1:29  Probe  
  22  1:37  Pylon  
  22  1:41  Probe  
  23  1:54  Warp Gate  
  23  1:55  Probe  
  24  2:03  Adept x2  
  28  2:11  Pylon  
  28  2:14  Probe  
  29  2:18  Pylon  
  29  2:28  Probe  
  30  2:33  Sentry x2  
  34  2:42  Cybernetics Core  
  33  2:51  Probe  
  33  2:56  Sentry  
  36  3:11  Nexus  
  36  3:15  Shield Battery  
  36  3:18  Probe  
  35  3:28  Robotics Facility  
  35  3:34  Probe  
  36  3:40  Pylon  
  36  3:44  Stalker  
  38  3:51  Probe  
  39  3:59  Stalker  
  41  4:03  Probe  
  41  4:07  Warp Prism  
  42  4:15  Probe  
  43  4:19  Probe  
  46  4:27  Probe x2  
  47  4:38  Adept x2  
  50  4:39  Probe  
  50  4:43  Probe  
  48  4:50  Observer  
  48  4:52  Probe  
  50  4:55  Probe  
  50  4:59  Twilight Council  
  51  5:04  Probe  
  52  5:07  Probe  
  53  5:16  Probe  
  53  5:18  Adept  
  53  5:19  Pylon, Adept  
  53  5:20  Probe  
  59  5:28  Probe  
  60  5:33  Probe  
  58  5:35  Pylon  
  57  5:43  Probe  
  57  5:50  Dark Shrine, Probe  
  57  5:52  Immortal, Assimilator  
  57  5:56  Probe  
  63  5:58  Resonating Glaives  
  63  6:05  Probe  
  63  6:10  Gateway  
  64  6:12  Probe  
  64  6:17  Probe  
  66  6:20  Gateway  
  66  6:21  Immortal  
  66  6:22  Gateway  
  66  6:24  Probe  
  67  6:30  Observer  
  71  6:38  Gateway  
  71  6:46  Gateway  
  71  6:58  Gateway  
  71  7:05  Dark Templar  
  73  7:09  Dark Templar x2  
  73  7:11  Pylon  
  73  7:13  Pylon  
  77  7:28  Pylon  
  77  7:29  Immortal  
  81  7:31  Pylon  
  77  7:47  Dark Templar x3  
  77  7:50  Dark Templar  
  85  7:51  Archon  
  85  7:54  Archon  
  85  7:55  Adept  
  85  7:56  Adept  
  87  8:00  Adept  
  87  8:18  Adept x3  
  87  8:19  Adept  
  85  8:21  Adept x3  
  80  8:28  Adept  
  80  8:33  Adept  
Tags
 
Add a new tag
Caveats
  • Supply blocks, unpowered buildings, or Contaminate may cause inaccurate times.
  • Supply counts are checked every 10 seconds.